 Seeded DCSS version 0.28.0-49-g6dfe1f597d (webtiles) character file.

Game seed: 523019199727972820 (custom seed)

40 thiscave3701365 the Skirmisher (level 3, -1/34 HPs)
             Began as a Minotaur Berserker on May 12, 2022.
             Was a Follower of Trog.
             Succumbed to an adder's poison
             ... on level 2 of the Dungeon.
             The game lasted 00:00:54 (1523 turns).

thiscave3701365 the Skirmisher (Minotaur Berserker) Turns: 1523, Time: 00:00:54

Health: -1/34      AC:  2    Str: 23    XL:     3   Next: 30%
Magic:  2/2        EV: 12    Int:  4    God:    Trog [*.....]
Gold:   53         SH:  0    Dex:  9    Spells: 2/2 levels left

rFire   + . .      SeeInvis .   a - +0 hand axe
rCold   + . .      Faith    .   (no shield)
rNeg    . . .      Spirit   .   b - +0 animal skin
rPois   +          Reflect  .   (helmet restricted)
rElec   +          Harm     .   (no cloak)
rCorr   +          Rampage  .   (no gloves)
Will    .....                   (no boots)
Stlth   +.........              (no amulet)
HPRegen 0.11/turn               (no ring)
MPRegen 0.08/turn               (no ring)

@: lethally poisoned (-1 -> -4), resistant, on berserk cooldown, slowed, very
slow
A: horns 2, retaliatory headbutt
a: Renounce Religion, Berserk


You were on level 2 of the Dungeon.
You worshipped Trog.
Trog was aware of your devotion.
You visited 1 branch of the dungeon, and saw 2 of its levels.

You collected 53 gold pieces.

Inventory:

Hand Weapons
 a - a +0 hand axe (weapon)
Armour
 b - a +0 animal skin (worn)
Jewellery
 h - an amulet of faith
Scrolls
 c - 2 scrolls of fog {unknown}
 e - 3 scrolls of teleportation {unknown}
Potions
 d - a potion of curing {unknown}
 f - a potion of berserk rage {unknown}


   Skills:
 + Level 4.3 Fighting
 + Level 4.3 Axes
 + Level 2.8 Armour
 + Level 2.4 Dodging


You had 2 spell levels left.
You didn't know any spells.
Your spell library was empty.

Dungeon Overview and Level Annotations

Branches:
Dungeon (2/15)

Altars:


Innate Abilities, Weirdness & Mutations

You have a pair of horns on your head.
You reflexively headbutt those who attack you in melee.


Message History

A red film seems to cover your vision as you go berserk!
You feel yourself moving faster!
You feel mighty!
You feel sick. The adder bites you. The worm bites you!
* * * LOW HITPOINT WARNING * * *
You barely miss the adder. Your headbutt misses the adder.
The adder is almost dead.
You slash the worm!
You feel sick. The adder bites you.
* * * LOW HITPOINT WARNING * * *
You are lethally poisoned!
The adder poisons you!
You slash the worm!
You kill the worm!
Trog accepts your kill.
You slash the adder!
You kill the adder!
Trog accepts your kill.
* * * LOW HITPOINT WARNING * * *
You feel sick.
You have reached level 3!
Your experience leads to an increase in your attributes!
Increase (S)trength, (I)ntelligence, or (D)exterity?
You feel stronger. x2
There is a lethal amount of poison in your body!
There is a lethal amount of poison in your body!
There is a lethal amount of poison in your body!
There is a lethal amount of poison in your body!
You are too berserk!
* * * LOW HITPOINT WARNING * * *
You feel sick.
You feel a strong urge to attack something.
* * * LOW HITPOINT WARNING * * *
You feel sick.
* * * LOW HITPOINT WARNING * * *
You feel sick.
You feel your anger nearly subside.
You are no longer berserk.
You are exhausted.
You feel yourself slow down.
It was a potion of resistance.
You feel protected.
You die...

...............
...............
...............
......†.....#
....(##.....#
............#
....###.###.#
## #....# #
.#######@#..#
.........#..#
....####<#..# .
#.#..# #.#..#
#.#..# #.#..#
#.. #..


There were no monsters in sight!

Vanquished Creatures
  A gnoll (D:1)
  An adder (D:2)
  A worm (D:2)
  4 endoplasms (D:1)
  A giant cockroach (D:1)
  A goblin (D:1)
  A hobgoblin (D:1)
  2 ball pythons (D:1)
  3 bats (D:1)
  A frilled lizard (D:1)
  A kobold (D:1)
  3 rats (D:1)
20 creatures vanquished.

Notes
Turn   | Place    | Note
-------+----------+-------------------------------------------
     0 | D:1      | thiscave3701365 the Minotaur Berserker began the quest for
                  | the Orb.
     0 | D:1      | Reached XP level 1. HP: 19/19 MP: 0/0
   307 | D:1      | Reached XP level 2. HP: 26/27 MP: 1/1
  1019 | D:1      | Found a faded altar of an unknown god.
  1519 | D:2      | Reached XP level 3. HP: 4/34 MP: 2/2
  1520 | D:2      | HP: 2/51 [poisoned by an adder]
  1523 | D:2      | Succumbed to an adder's poison

Illustrated notes

Levels and vault maps discovered:
D:1:      minmay_arrival_floating_metal, layout_loops_corners,
          shapermc_ecumenical_altar_notcrosses, minivault_11
D:2:      layout_basic, basic_altar

Skill      XL: |  1  2 |
---------------+-------+-----
Axes           | 4 |  4.3
Fighting       | 4 |  4.3
Armour         | |  2.8
Dodging        | |  2.4

Action                   || total
-------------------------++-------
Melee: Hand axe          ||    41
       Headbutt          ||     6
       Punch             ||     1
Invok: Berserk           ||     2
  Use: Potion            ||     1
Armor: Animal skin       ||     2
Dodge: Dodged            ||    27
